Map: [ESL] Glittering Ashes

Players

TIME (Oliveira) - Winner!

  • Race: Terran Terran

ShoWTimE

  • Race: Protoss Protoss

Event: IEM Katowice 2022

VOD

Have the link to the VOD?

Description

Time

  • Played on: Feb. 24, 2022, 11:03 a.m.
  • Length: 13:28

All games in this series

Show
View Real Time Build Order
Export as new Build Order

TIME Terran - Winner!

Build Orders:  

Get SALT Encoding   

  12  0:00  SCV  
  13  0:12  SCV  
  14  0:16  Supply Depot  
  14  0:25  SCV  
  15  0:38  SCV  
  15  0:40  Barracks  
  16  0:43  Refinery  
  16  0:50  SCV  
  17  1:02  SCV  
  18  1:14  SCV  
  19  1:28  Barracks Reactor, Orbital Command  
  19  1:39  Command Center  
  19  1:46  Supply Depot  
  19  1:53  SCV  
  20  2:04  Marine x2  
  20  2:06  SCV  
  23  2:09  Factory  
  23  2:18  SCV  
  23  2:21  Marine  
  23  2:22  Marine  
  26  2:30  SCV  
  27  2:39  Marine  
  27  2:40  Marine  
  27  2:42  SCV  
  30  2:51  Orbital Command  
  30  2:54  SCV  
  31  3:02  Hellion x2  
  31  3:04  Barracks Tech Lab  
  35  3:06  SCV  
  35  3:08  Supply Depot  
  36  3:17  SCV  
  36  3:19  SCV  
  38  3:21  Command Center  
  38  3:30  Marine x2, Cyclone  
  38  3:33  SCV  
  45  3:34  SCV  
  45  3:39  Barracks  
  45  3:45  SCV  
  45  3:48  Marine x2  
  46  3:52  SCV  
  45  3:57  SCV  
  38  4:04  SCV  
  38  4:06  Marine x2  
  38  4:09  SCV, Siege Tank  
  45  4:10  Refinery  
  45  4:17  SCV  
  45  4:21  SCV  
  45  4:22  Barracks  
  45  4:24  Marine x2  
  47  4:27  Barracks Tech Lab, Engineering Bay  
  47  4:29  SCV  
  50  4:33  Refinery  
  50  4:34  Orbital Command  
  50  4:35  SCV  
  51  4:41  SCV, Marine  
  51  4:42  Marine  
  54  4:46  Supply Depot  
  54  4:47  SCV, Marine  
  54  4:48  Stimpack  
  56  4:54  SCV  
  56  4:55  Terran Infantry Weapons Level 1  
  56  4:59  SCV x2  
  59  5:03  Marine x2  
  59  5:04  Starport  
  59  5:06  SCV  
  62  5:09  Factory Reactor  
  62  5:10  Marine  
  62  5:13  Supply Depot  
  62  5:14  SCV  
  64  5:16  SCV  
  64  5:18  SCV  
  64  5:22  Combat Shield  
  64  5:23  Marine  
  64  5:24  Marine  
  64  5:26  SCV, Orbital Command  
  64  5:27  Marine  
  68  5:29  Refinery, Marauder  
  68  5:32  SCV  
  71  5:38  Barracks  
  71  5:39  Barracks  
  71  5:40  SCV  
  72  5:45  Marine x2  
  74  5:51  Marauder, Medivac  
  74  5:52  Medivac  
  74  5:53  Marine  
  74  5:54  SCV x2  
  83  5:59  Supply Depot, SCV  
  83  6:02  Supply Depot  
  83  6:03  Missile Turret  
  84  6:04  Marine  
  84  6:07  Factory Reactor  
  85  6:11  Supply Depot  
  85  6:17  SCV  
  85  6:21  SCV x2, Marine, Marauder  
  90  6:27  Missile Turret, Barracks Tech Lab, Barracks Reactor  
  90  6:29  SCV, Marauder  
  93  6:33  SCV x2  
  93  6:34  Concussive Shells  
  95  6:40  Marine x2  
  95  6:41  SCV  
  95  6:45  SCV  
  95  6:46  SCV  
  99  6:49  Terran Infantry Armor Level 1  
  99  6:50  Widow Mine, Medivac x2  
  99  6:51  Widow Mine, Marauder  
  109  6:54  Supply Depot  
  109  6:55  Supply Depot  
  109  7:09  SCV x3, Refinery x2, Marine, Marauder x2  
  109  7:14  Armory  
  117  7:16  Marauder, Marine x2, Engineering Bay  
  117  7:19  Supply Depot  
  117  7:20  Supply Depot  
  117  7:21  SCV  
  117  7:22  Marine  
  123  7:24  Medivac  
  123  7:25  Medivac  
  123  7:28  SCV x2  
  129  7:30  Widow Mine  
  129  7:31  Widow Mine  
  133  7:41  SCV x2, Marauder x2  
  133  7:42  Supply Depot  
  133  7:43  Marine  
  140  7:48  Marine x3  
  140  7:49  Marauder  
  141  8:01  Marine  
  141  8:02  Marine, Medivac, Marauder  
  141  8:05  SCV  
  138  8:06  Marine  
  138  8:08  Marine x2  
  138  8:09  SCV  
  138  8:10  Marauder  
  138  8:11  Widow Mine x2  
  138  8:12  SCV, Terran Infantry Weapons Level 2  
  134  8:17  SCV  
  134  8:19  Marine  
  136  8:20  Marine  
  136  8:24  Marauder  
  136  8:25  Marine  
  136  8:26  Marine, Medivac  
  139  8:31  Marauder  
  139  8:32  Supply Depot  
  141  8:36  Marine  
  141  8:37  Marine, Command Center  
  141  8:38  Marauder  
  141  8:40  Medivac  
  151  8:41  Widow Mine x2  
  151  8:43  Supply Depot  
  151  8:44  Supply Depot, Ghost Academy  
  149  8:50  Marine  
  133  9:01  Marine  
  126  9:03  Medivac  
  126  9:06  Widow Mine  
  126  9:09  Marine x3  
  120  9:10  Marauder, Medivac  
  120  9:12  Widow Mine, Terran Infantry Armor Level 2  
  120  9:13  SCV x2  
  120  9:14  SCV, Ghost  
  130  9:17  Enhanced Shockwaves  
  130  9:18  Marine  
  131  9:25  SCV  
  131  9:28  Marine  
  131  9:29  Marine  
  131  9:30  Widow Mine  
  125  9:33  Widow Mine, SCV x2, Medivac  
  125  9:34  Marine  
  125  9:38  SCV  
  135  9:39  Ghost  
  135  9:40  Ghost, Medivac  
  135  9:43  Missile Turret  
  135  9:44  Marine  
  140  9:48  Marauder  
  140  9:50  Marine  
  141  9:53  Planetary Fortress  
  141  9:55  Marine  
  142  10:01  Barracks, Marine  
  142  10:02  Widow Mine, Barracks x2  
  142  10:04  Widow Mine  
  147  10:07  Viking  
  147  10:09  Marauder x2  
  147  10:10  Marauder  
  147  10:11  Marine  
  147  10:13  Medivac  
  158  10:17  Terran Ship Weapons Level 1, Marine x2  
  160  10:22  Marine  
  161  10:29  Marine  
  161  10:30  Marauder x2  
  161  10:31  Marauder, Terran Infantry Weapons Level 3  
  168  10:42  Marine  
  162  10:43  Marine x2  
  162  10:47  Marine  
  162  10:48  Command Center  
  162  10:49  Widow Mine x2  
  169  10:52  Marauder  
  169  10:54  Marauder  
  174  10:58  Marine  
  174  11:00  Barracks Reactor  
  174  11:01  Barracks Tech Lab x2  
  174  11:03  Marine x2  
  175  11:12  Refinery x2  
  175  11:13  Starport, Marauder  
  175  11:14  Command Center  
  175  11:15  Ghost  
  175  11:16  Marauder  
  175  11:17  Viking x2  
  185  11:19  Marine x2  
  185  11:20  Marauder  
  185  11:25  Bunker  
  187  11:26  Sensor Tower  
  187  11:28  Marauder  
  187  11:32  Marine  
  189  11:34  Marauder  
  189  11:37  Marauder  
  194  11:41  Marauder  
  194  11:44  Marauder  
  192  11:48  Marine  
  192  11:49  Marauder  
  192  11:53  Marine x3  
  171  11:56  Viking, Marauder  
  171  11:59  Marauder  
  171  12:00  Marine  
  171  12:01  Marine  
  165  12:02  Ghost, Starport Reactor  
  165  12:05  Marine  
  165  12:06  Widow Mine  
  165  12:07  Marine, Command Center  
  171  12:11  Marauder  
  171  12:13  Viking  
  175  12:16  Ghost  
  175  12:17  Marine  
  175  12:20  Marauder  
  180  12:23  Marine x2, Marauder  
  182  12:31  Marine  
  182  12:32  Marine, Marauder  
  186  12:38  Ghost  
  186  12:39  Marine x2  
  186  12:40  Marine  
  186  12:42  Marauder  
  193  12:44  SCV  
  193  12:45  Ghost, Marauder  
  193  12:46  Planetary Fortress  
  193  12:48  SCV x2  
  193  12:49  Marine  
  200  12:57  Fusion Core, Sensor Tower  
  198  13:07  Marine x2  
  198  13:12  Command Center  
Show
View Real Time Build Order
Export as new Build Order

ShoWTimE Protoss 

Build Orders: 1 Gate Expand, Oracle Opening, Colossus Rush 

Get SALT Encoding   

  12  0:00  Probe  
  13  0:12  Probe  
  14  0:16  Pylon  
  14  0:24  Probe (Chrono Boost)  
  15  0:34  Gateway  
  15  0:36  Probe (Chrono Boost)  
  16  0:45  Probe (Chrono Boost)  
  16  0:46  Assimilator  
  17  0:51  Probe  
  18  1:03  Probe  
  19  1:15  Probe  
  20  1:21  Cybernetics Core  
  20  1:31  Nexus  
  20  1:34  Probe  
  21  1:42  Pylon  
  21  1:46  Probe  
  22  1:50  Assimilator  
  22  1:57  Adept (Chrono Boost)  
  22  1:58  Probe  
  25  2:10  Probe  
  26  2:19  Stargate  
  26  2:21  Adept (Chrono Boost)  
  26  2:23  Probe  
  29  2:33  Warp Gate  
  29  2:36  Probe (Chrono Boost)  
  30  2:43  Probe (Chrono Boost), Adept  
  34  2:53  Probe x2 (Chrono Boost)  
  34  2:58  Probe (Chrono Boost)  
  35  2:59  Probe  
  35  3:03  Oracle (Chrono Boost)  
  37  3:09  Pylon  
  37  3:10  Probe  
  37  3:11  Probe  
  42  3:13  Adept  
  44  3:22  Probe  
  44  3:23  Probe  
  46  3:28  Robotics Facility  
  46  3:34  Probe  
  47  3:35  Probe  
  47  3:36  Gateway  
  47  3:39  Assimilator  
  48  3:44  Assimilator  
  48  3:46  Probe  
  48  3:47  Probe  
  45  3:58  Probe (Chrono Boost)  
  45  4:03  Probe (Chrono Boost)  
  44  4:10  Probe (Chrono Boost)  
  44  4:16  Observer  
  44  4:17  Robotics Bay  
  46  4:18  Probe x2 (Chrono Boost)  
  46  4:21  Phoenix  
  49  4:24  Probe  
  49  4:25  Pylon, Probe  
  51  4:36  Probe  
  51  4:37  Probe  
  53  4:38  Pylon  
  53  4:41  Immortal (Chrono Boost)  
  57  4:48  Probe  
  57  4:49  Probe  
  57  4:51  Nexus  
  59  4:57  Pylon  
  59  5:01  Probe x2  
  61  5:09  Colossus (Chrono Boost)  
  61  5:13  Probe  
  61  5:14  Probe  
  69  5:20  Phoenix  
  71  5:23  Gateway  
  71  5:25  Probe  
  71  5:26  Sentry, Probe  
  75  5:32  Pylon  
  75  5:37  Probe  
  75  5:38  Probe  
  77  5:48  Pylon  
  77  5:49  Probe, Shield Battery  
  78  5:50  Phoenix  
  78  5:51  Probe  
  78  5:52  Shield Battery  
  81  6:01  Probe (Chrono Boost)  
  81  6:02  Colossus (Chrono Boost)  
  81  6:03  Probe (Chrono Boost)  
  90  6:04  Probe (Chrono Boost)  
  91  6:13  Probe (Chrono Boost)  
  91  6:14  Probe x2 (Chrono Boost)  
  91  6:15  Forge  
  91  6:18  Probe (Chrono Boost)  
  93  6:19  Probe (Chrono Boost)  
  93  6:20  Sentry, Probe (Chrono Boost)  
  93  6:21  Phoenix  
  93  6:24  Observer  
  100  6:25  Twilight Council  
  100  6:28  Probe  
  100  6:31  Pylon, Assimilator, Extended Thermal Lance (Chrono Boost)  
  101  6:34  Assimilator  
  101  6:39  Pylon, Adept  
  103  6:43  Gateway  
  103  6:47  Probe  
  104  6:48  Phoenix  
  104  6:52  Colossus  
  112  6:58  Charge (Chrono Boost)  
  112  7:05  Observer  
  112  7:06  Pylon  
  112  7:11  Gateway, Pylon  
  112  7:16  Gateway, Zealot x3  
  112  7:18  Gateway  
  112  7:22  Gateway  
  118  7:26  Templar Archives  
  118  7:31  Phoenix  
  120  7:40  Zealot x4  
  128  7:56  Phoenix  
  130  8:04  Probe x2  
  124  8:06  Zealot x5  
  124  8:11  Probe  
  124  8:12  Nexus  
  121  8:18  Forge  
  121  8:19  Forge  
  121  8:24  Probe  
  121  8:25  Probe  
  123  8:27  Probe  
  123  8:28  Colossus (Chrono Boost)  
  123  8:33  High Templar x4  
  138  8:36  Sentry, Probe  
  138  8:37  Archon  
  138  8:38  Archon  
  141  8:41  Pylon  
  141  8:43  Pylon  
  141  8:45  Pylon  
  133  8:52  Zealot x3  
  120  9:01  Zealot  
  108  9:07  Protoss Ground Armor Level 1 (Chrono Boost), Protoss Ground Weapons Level 1 (Chrono Boost)  
  108  9:09  Probe x2  
  104  9:10  Probe  
  104  9:11  Colossus (Chrono Boost)  
  104  9:14  Sentry  
  104  9:15  Zealot x6  
  119  9:21  Shield Battery  
  119  9:22  Pylon  
  119  9:31  Stalker, Shield Battery  
  119  9:35  Dark Shrine, Probe x3  
  119  9:36  Probe  
  123  9:38  Robotics Facility  
  123  9:47  Probe  
  123  9:49  Colossus (Chrono Boost)  
  129  9:54  Stalker x3  
  129  9:55  Stalker  
  137  10:04  Zealot x4  
  145  10:10  Photon Cannon, Assimilator  
  145  10:12  Blink  
  145  10:13  Assimilator  
  145  10:26  Colossus (Chrono Boost)  
  151  10:28  Stalker x2  
  151  10:29  Stalker x3  
  151  10:33  Pylon  
  151  10:35  Zealot x3  
  161  10:48  Disruptor (Chrono Boost)  
  164  10:52  Nexus  
  164  10:56  Pylon  
  162  11:00  Zealot x6  
  162  11:01  Zealot x2  
  175  11:08  Shadow Stride  
  175  11:14  Observer (Chrono Boost)  
  175  11:18  Disruptor (Chrono Boost)  
  174  11:25  Pylon  
  177  11:31  Pylon  
  180  11:35  Stalker x4  
  180  11:38  Disruptor (Chrono Boost)  
  179  11:48  Disruptor (Chrono Boost)  
  179  11:51  Zealot x4  
  148  12:02  Stalker x4  
  157  12:14  Photon Cannon, Disruptor (Chrono Boost)  
  157  12:18  Photon Cannon, Disruptor (Chrono Boost)  
  157  12:19  Shield Battery  
  157  12:20  Nexus  
  157  12:22  Pylon  
  160  12:26  Zealot x8  
  168  12:41  Nexus  
  150  12:47  Disruptor (Chrono Boost)  
  150  12:48  Photon Cannon  
  150  12:49  Disruptor (Chrono Boost)  
  151  12:56  Pylon  
  151  13:06  Dark Templar x8  
  156  13:24  Pylon  

Tags
 
Add a new tag
Caveats
  • Supply blocks, unpowered buildings, or Contaminate may cause inaccurate times.
  • Supply counts are checked every 10 seconds.